cohdb
Replays
Latest Replays
All Replays
Popular Replays
Top Player Replays
Match Explorer
How It Works
Community
CoH3 Stats
Reddit
Sign in to upload your games and track your stats! →
Sign in with Steam
Match 45950734
Unlisted
Match 45950734
Overview
Messages
Build Orders
End
Scout Squad
Selects Airborne Battlegroup
Selects Heavy Machine Gun Paradrop
Heavy Machine Gun Paradrop
Engineer Squad
Heavy Machine Gun Paradrop
Construct Barracks
1⁄4-ton 4x4 Truck
Infantry Support Center
Construct Motor Pool
M8 Greyhound Armored Car
Selects Paratrooper Squad Paradrop
M1 Mortar Team
M8 Greyhound Armored Car
Construct Medical Station
Selects Anti-tank Gun Team Paradrop
Anti-tank Gun Team Paradrop
Selects Recon Loiter
M8 Greyhound Armored Car
Recon Loiter
M1 Mortar Team
Anti-tank Gun Team Paradrop
Engineer Squad
Construct Tank Depot
Engineer Squad
M4A1 Sherman Medium Tank
Selects Supply Drop
Selects Dual P-47 Rocket Strike
M18 Hellcat Tank Destroyer
Engineer Squad
AI Takeover
oziligath
TWAS
0
0
Comments
sign in to comment!
No comments posted yet!